 BcadrenCrawl: Boulder Brew version 0.05.32 (webtiles) character file.

Game seed: 10013988763459469173, levelgen mode: deterministic

525 Heedrag the Firebug (level 7, 0/5 HPs) Fairy Fire Elementalist. Began on Oct 3, 2021. Engulfed by a cloud of steam (1 damage) ... on level 2 of the Dungeon. The game lasted 00:05:57 (597 turns).

Heedrag the Firebug (Fairy Fire Elementalist)        Turns: 597, Time: 00:05:57

Health: 0/5        AC:  0    Str:  2    XL:     7 ^: 676
Magic:  0/3        EV: 27    Int: 19    God:
Gold:   0          SH:  0    Dex: 18    Spells: 5/16 levels left

rFire    . . .     Vision   .   (no jewelry)
rCold    . . .     Gourm    .
rNeg     . . .     Faith    .
rCorr    . . .     Spirit   .
rPois    .         Reflect  .
rElec    .         Harm     .
MR       +....
Stlth    +.........
HPRegen  0.11/turn
MPRegen  0.13/turn

@: very slightly contaminated, glowing, slow
A: tiny, no armour or weapons, only one jewelry slot, no melee attacks, fairy
magic, fairy shield, decreased potion and divine healing, unfitting armour,
flight, slowness 1, fairy light 1, insubstantial
a: Fly


You were on level 2 of the Dungeon.
You were not hungry.

You visited 1 branch of the dungeon, and saw 2 of its levels.

Inventory:

Scrolls
 d - 3 scrolls of bless item
Potions
 c - 2 potions of curing {@q1}
Comestibles
 a - 3 chunks of flesh
 b - a ration {!d}


   Skills:
 + Level 4.6 Dodging
 - Level 1.4 Stealth
 + Level 5.3 Spellcasting
 + Level 6.5 Fire Magic


You had 5 spell levels left.
You knew the following spells:

 Your Spells              Type           Power        Failure   Level  Hunger
a - Foxfire               Fire           25 (25)      1%          1    0
d - Conjure Flame Fire 30 (100) 2% 3 18-78 s - Searing Ray Fire 30 (50) 1% 2 0-18 x - Fireball Fire           30 (200)     22%         5    218-378

Your spell library contained the following spells:

 Spells                   Type           Power        Failure   Level  Hunger
 Inner Flame Hex/Fire 17 (100) 10% 3 18-78 Sticky Flame Fire/Pois      17 (100)     30%         4    98-198


Dungeon Overview and Level Annotations

Branches:
Dungeon (2/8)

Altars:


Innate Abilities, Weirdness & Mutations

You are too small to use any gear.
You can wear a single ring or amulet completely around your body.
You are incapable of melee of any kind.
Your magic reserves are extremely low but spells that normally cost one mana are free and all other spells cost one mana.
You are extremely frail but all attacks that strike you do exactly one damage.
The effect of potions and godly healing effects is reduced to match your tiny health and magic reserves.
You are able to fly continuously.
You cover ground slowly.
You exude a bright light in a small radius around yourself.
Your insubstantial form boosts your evasion and grants immunity to sticky flames, nets and constriction.


Message History

The foxfire hits the sewer rat (2).
The sewer rat resists.
The foxfire hits the sewer rat (1).
The sewer rat misses you (0).
You conjure some foxfire!
The foxfire hits the sewer rat but does no damage (0).
The sewer rat completely misses you (0).
The sewer rat misses you (0).
The sewer rat completely misses you (0).
You conjure some foxfire!
The foxfire hits the sewer rat but does no damage (0). x2
The sewer rat completely misses you (0).
Aim: a submerged sewer rat (lightly wounded (10/11), haloed) That beam is likely to hit you.
Continue anyway?
You miscast Fireball.
You are very lightly contaminated with residual magic.
Lukewarm flames ripple over your body.
The foxfire hits the sewer rat (3).
The sewer rat completely misses you (0).
Aim: a submerged sewer rat (lightly wounded (10/11), haloed) That beam is likely to hit you.
Continue anyway?
The fireball explodes!
The fireball engulfs the sewer rat (3).
The sewer rat resists.
The fireball engulfs the sewer rat (12)!
You kill the sewer rat!
The fireball engulfs the sewer rat (13)!
You kill the sewer rat!
You have reached level 7!
The fireball engulfs the sewer rat (3).
The sewer rat resists.
The fireball engulfs the sewer rat (11)!
You kill the sewer rat!
The fireball engulfs you (13)!
You are engulfed in a cloud of scalding steam (7)!
You hear a shout!
You hear an angry hiss.
You hear a shout! x2
The giant blowfly is engulfed in a cloud of scalding steam (2).
The sewer rat completely misses you (0).
The sewer rat bites you (1).
* * * LOW HITPOINT WARNING * * *
The sewer rat completely misses you (0).
The adder completely misses you (0). The sewer rat misses you (0). x2
Aim: a submerged adder (healthy (11/11), haloed)
The searing ray hits the sewer rat but does no damage (0). (Press . to maintain the ray.)
The sewer rat closely misses you (0). The sewer rat misses you (0). x2
The searing ray hits the sewer rat (4).
The sewer rat partially resists.
You are engulfed in a cloud of scalding steam (3).
* * * LOW HITPOINT WARNING * * *
The sewer rat barely misses you (0). The sewer rat misses you (0).
The sewer rat closely misses you (0).
Nothing appears to happen.
You are engulfed in a cloud of scalding steam (1).
You die...

....b≈..≈≈≈≈≈;
.≈.≈≈≈≈≈.≈≈≈≈
≈≈..≈≈≈≈.§≈≈ ≈≈≈.≈≈≈≈≈.J
≈≈≈≈≈≈≈≈≈. ≈≈≈≈≈..†.
.≈≈..§§l# ....≈†≈r##
.≈≈≈≈≈Sr@# ##
.≈≈≈≈≈≈r#####≈≈ ....#
.≈≈≈≈≈..≈.#≈.P. ...≈##
.≈≈≈≈≈≈.#....♣. .♣.≈.
.≈≈≈≈≈≈..♣♣.♣♣♣ ♣...
...#≈. .≈≈≈≈≈≈.♣.♣.♣..
... ...#..
..≈≈≈≈≈≈...♣♣.♣♣ ♣♣J#
......
≈.≈≈≈≈≈≈..♣♣♣.♣♣.♣♣♣♣##
......
#.≈≈≈≈≈≈.♣♣♣♣♣♣.♣♣♣♣..##


You could see a cinder newt, a submerged adder and 3 submerged sewer rats.

Vanquished Creatures
  A water moccasin (D:2)
  2 big kobolds (D:2)
  3 jellies (D:2)
  2 giant cockroaches (D:2)
  2 adders (D:2)
  9 sewer rats (D:2)
  3 cinder newts (D:2)
  2 worms (D:2)
  An ooze (D:2)
  2 ball pythons (D:2)
  A bat (D:2)
  A cinder newt skeleton (D:2)
  3 goblins (D:1)
  A hobgoblin (D:1)
  11 kobolds (D:2)
  A leopard gecko skeleton (D:2)
  A rat skeleton (D:2)
  A giant blowfly (D:2)
  A withered plant (D:2)
48 creatures vanquished.

Vanquished Creatures (collateral kills)
  A bat skeleton (D:2)
  A withered plant (D:2)
2 creatures vanquished.

Vanquished Creatures (others)
  A leopard gecko (D:2)
  A kobold (D:2)
  A ball python skeleton (D:2)
  3 bats (D:2)
  A bat skeleton (D:2)
  A goblin skeleton (D:2)
  327 foxfires
  A slimehead (D:2)
  131 withered plants (D:2)
467 creatures vanquished.

Grand Total: 517 creatures vanquished

Notes
Turn   | Place    | Note
-------+----------+-------------------------------------------
     0 | D:1      | Heedrag the Fairy Fire Elementalist began the quest for the
                  | Orb.
     0 | D:1      | Reached XP level 1. HP: 3/3 MP: 3/3
    71 | D:2      | Reached XP level 2. HP: 3/3 MP: 3/3
    76 | D:2      | Reached skill level 4 in Fire Magic
    81 | D:2      | Reached XP level 3. HP: 4/4 MP: 3/3
   140 | D:2      | Reached XP level 4. HP: 3/4 MP: 3/3
   219 | D:2      | Learned a level 2 spell: Searing Ray
   229 | D:2      | Reached skill level 5 in Fire Magic
   229 | D:2      | Reached XP level 5. HP: 4/4 MP: 3/3
   255 | D:2      | Learned a level 3 spell: Conjure Flame
   261 | D:2      | Learned a level 5 spell: Fireball
   267 | D:2      | Reached XP level 6. HP: 4/5 MP: 3/3
   324 | D:2      | Reached skill level 6 in Fire Magic
   500 | D:2      | Reached skill level 5 in Spellcasting
   520 | D:2      | Found a faded altar of an unknown god.
   593 | D:2      | Reached XP level 7. HP: 5/5 MP: 1/3
   597 | D:2      | Engulfed by a cloud of steam

Levels and vault maps discovered:
D:1:      minmay_arrival_plants_in_alcoves, layout_basic, minmay_pentomino_t2
D:2:      layout_sewer, chequers_ecumenical_altar_grove

Skill      XL: |  1  2  3  4  5  6 |
---------------+-------------------+-----
Fire Magic     | 4 5 6 |  6.5
Spellcasting   | 3 4 5 |  5.3
Dodging        | 3 4 |  4.6
Stealth        | |  1.4

Action                   |  1- 3 |  4- 6 |  7- 9 || total
-------------------------+-------+-------+-------++-------
 Cast: Foxfire           |    50 |   163 |     1 ||   214
       Searing Ray       |       |     5 |     1 ||     6
       Fireball          |       |       |     1 ||     1
Dodge: Dodged            |    37 |    54 |    11 ||   102
